AoeStats
← Goku Prime

Arena

508380812Analyzed
1v1 RM · 10d ago on Sep 22, 2026· 33m 50s· 2 players
Game mode
Random Map
Map size
Tiny (2 player)
Population
200
Speed
Normal
Resources
Standard
Victory
Conquest
Starting age
Dark Age
Ending age
Imperial Age
RankedLock teamsTeams togetherTeam positionsShared explorationLock speedFull tech treeHidden civsTurbo modeCheats
Victory
Defeat
🇨🇳 Turks · China
1149
+15
🇦🇺 Armenians · Australia
1130
-15
Goku Prime
10:20 Feudal Age
10:51 Double-Bit Axe
12:28 Loom
15:40 Castle Age
15:09 Scale Mail Armor
15:07 Man-at-Arms
16:53 Loom
20:49 Fervor
22:00 Squires
26:30 Long Swordsman
27:40 Two-Handed Swordsman
29:10 Stone Mining
NFC
9:41 Feudal Age
14:32 Castle Age
13:14 Double-Bit Axe
16:47 Bow Saw
18:09 Wheelbarrow
25:16 Imperial Age
22:31 Horse Collar
23:31 Gold Mining
23:45 Heavy Plow
24:27 Padded Archer Armor
26:23 Leather Archer Armor
26:54 Gold Shaft Mining
30:28 Hand Cart
30:00 Town Watch
33:32 Loom
Connection lost

Rejoining the realm…

Still unreachable

The connection could not be restored.

Session expired

The server has moved on; the page needs a fresh start.